 Dungeon Crawl Stone Soup version 0.27-a0-951-gae3e1deef5 (webtiles) character file.

Game seed: 786300316700640050

80 Charly the Slasher (level 4, -3/36 HPs)
             Began as a Palentonga Warper on Apr 11, 2021.
             Slain by an adder (4 damage)
             ... on level 2 of the Dungeon.
             The game lasted 00:10:31 (2347 turns).

Charly the Slasher (Palentonga Warper)              Turns: 2347, Time: 00:10:32

Health: -3/36      AC:  7    Str: 14    XL:     4   Next: 18%
Magic:  7/7        EV:  7    Int: 13    God:
Gold:   72         SH:  0    Dex: 11    Spells: 5/7 levels left

rFire    . . .     SeeInvis +   a - +0 falchion
rCold    . . .     Faith    .   (no shield)
rNeg     . . .     Spirit   .   o - +0 scale mail
rPois    .         Reflect  .   (no helmet)
rElec    .         Harm     .   m - +0 cloak
rCorr    .         Rampage  .   (no gloves)
Will     .....                  (no barding)
Stlth    ..........             (no amulet)
HPRegen  0.12/turn              (no ring)
MPRegen  0.10/turn              (no ring)

@: lethally poisoned (-3 -> -7), flying
A: large, rugged brown scales 3, see invisible, deformed body, roll 1, armoured
tail
a: Rolling Charge


You were on level 2 of the Dungeon.
You visited 1 branch of the dungeon, and saw 3 of its levels.

You collected 72 gold pieces.

Inventory:

Hand Weapons
 a - a +0 falchion (weapon)
Missiles
 g - 21 poisoned darts (quivered)
Armour
 m - a +0 cloak (worn)
 o - a +0 scale mail (worn)
Magical Staves
 n - a staff of death
Scrolls
 c - a scroll of fog {unknown}
 d - a scroll of blinking
 f - a scroll of vulnerability {unknown}
 h - a scroll of enchant armour {unknown}
 i - 4 scrolls of enchant weapon {unknown}
 j - a scroll of teleportation {unknown}
 k - a scroll of brand weapon {unknown}
 l - a scroll of noise {unknown}
 p - a scroll of amnesia {unknown}


   Skills:
 - Level 2.5 Fighting
 + Level 3.7 Long Blades
 - Level 0.6 Throwing
 - Level 0.7 Armour
 - Level 1.5 Dodging
 - Level 2.0 Spellcasting
 + Level 3.5 Translocations


You had 5 spell levels left.
You knew the following spells:

 Your Spells              Type           Power      Damage    Failure   Level
b - Blink                 Tloc           N/A        N/A       36%         2

Your spell library contained the following spells:

 Spells                   Type           Power      Damage    Failure   Level
 Gell's Gravitas          Tloc           5%         N/A       61%         3
 Lesser Beckoning         Tloc           5%         N/A       61%         3
 Teleport Other           Tloc           10%        N/A       61%         3
 Manifold Assault         Tloc           10%        N/A       100%        5


Dungeon Overview and Level Annotations

Branches:
Dungeon (3/15)

Altars:

Shops:
D:2 [


Innate Abilities, Weirdness & Mutations

You are completely covered in rugged brown scales. (AC +3, +7% HP)
You have supernaturally acute eyesight. (SInv)
Armour fits poorly on your strangely shaped body.
You can roll at nearby foes to attack.
You have a long armoured tail.


Message History

You are poisoned.
The adder poisons you!
You see here a quokka corpse.
You feel sick.
Items here: ( )) †.
You barely miss the adder.
The adder is heavily wounded.
You feel sick. The adder bites you.
You are more poisoned.
The adder poisons you! The adder barely misses you.
It was a potion of flight.
You feel very buoyant.
You fly up into the air.
You feel sick. The adder bites you but does no damage.
You hit the adder but do no damage.
The adder is heavily wounded.
You feel sick. The adder bites you.
You are more poisoned.
The adder poisons you! The adder bites you.
You closely miss the adder.
The adder is heavily wounded.
You feel sick. The adder closely misses you.
You closely miss the adder.
The adder is heavily wounded.
You feel sick. The adder bites you but does no damage.
You hit the adder.
The adder is heavily wounded.
You feel sick. The adder bites you.
* * * LOW HITPOINT WARNING * * *
The adder bites you but does no damage.
You miss the adder.
The adder is heavily wounded.
You feel sick. The adder bites you.
* * * LOW HITPOINT WARNING * * *
You are lethally poisoned!
The adder poisons you!
You closely miss the adder.
The adder is heavily wounded.
* * * LOW HITPOINT WARNING * * *
You feel sick. The adder closely misses you. The adder bites you.
You die...

#..## #####..#
#......# ##.>###.#
#####...# #.#
###......## #.#
#.......#####.#
####...#####..##†#
#.............##@#
.....########..#S##
###..# ##..g.#
....## ##>..# .####
###.# .#
#####.#####
.#######
#.........#
..)..÷.#
#.........#
######.##
#.........#


You could see an adder and a hobgoblin.

Vanquished Creatures
  2 adders (D:2)
  2 dart slugs (D:1)
  6 ball pythons
  7 endoplasms
  7 goblins
  5 hobgoblins
  6 jackals (D:1)
  4 kobolds
  3 quokkas
  5 bats
  3 frilled lizards
  2 rats
52 creatures vanquished.

Vanquished Creatures (others)
  4 fungi (D:1)
  9 plants (D:1)
13 creatures vanquished.

Grand Total: 65 creatures vanquished

Notes
Turn   | Place    | Note
-------+----------+-------------------------------------------
     0 | D:1      | Charly the Palentonga Warper began the quest for the Orb.
     0 | D:1      | Reached XP level 1. HP: 17/17 MP: 3/3
   226 | D:1      | Reached XP level 2. HP: 23/23 MP: 5/5
   248 | D:1      | Found a faded altar of an unknown god.
   661 | D:1      | Reached XP level 3. HP: 14/29 MP: 6/6
   825 | D:1      | Learned a level 2 spell: Blink
  1892 | D:2      | Found Boesm's Armour Shop.
  1911 | D:2      | Reached XP level 4. HP: 36/36 MP: 7/7
  2347 | D:2      | HP: 1/36 [poisoned by an adder]
  2347 | D:2      | Slain by an adder

Illustrated notes

Levels and vault maps discovered:
D:1:      dpeg_arrival_leaves_temple_mockup, layout_basic,
          shapermc_ecumenical_altar_mp_urbaneastern, minmay_misc_feat_iff,
          st_stairs_7, minmay_misc_feat_chi
D:2:      layout_rooms, serial_shops, nicolae_shop_behind_doors,
          chequers_serial_rivers_room_a
D:3:      layout_rooms, ebering_dispersal_statue_hall

Skill      XL: |  1  2 |
---------------+-------+-----
Long Blades    | 3 |  3.7
Fighting       | |  2.5
Throwing       | |  0.6
Armour         | |  0.7
Dodging        | |  1.5
Spellcasting   | |  2.0
Translocations | |  3.5

Action                   |  1- 3 |  4- 6 || total
-------------------------+-------+-------++-------
Melee: Falchion          |   101 |    42 ||   143
       Tailslap          |     5 |     3 ||     8
Throw: Dart              |     2 |     2 ||     4
       Boomerang         |     1 |     4 ||     5
 Abil: Rolling Charge    |    27 |    10 ||    37
  Use: Potion            |       |     1 ||     1
 Stab: Sleeping          |     1 |       ||     1
Armor: Leather armour    |    36 |     8 ||    44
       Scale mail        |       |    13 ||    13
Dodge: Dodged            |    37 |    17 ||    54
       Rpst.: Falchion   |    10 |     4 ||    14

Table legend: (Time is in decaauts)
 A = Elapsed time spent in this place.
 B = Non-inter-level travel time spent in this place.
 C = Inter-level travel time spent in this place.
 D = Time resting spent in this place.
 E = Time spent auto-exploring this place.
 F = Levels seen in this place.
 G = Mean time per level.
                   A        B        C        D        E       F      G
               +--------+--------+--------+--------+--------+-----+--------+
         Total |   2368 |   2283 |     85 |    315 |   1445 |   3 |  789.3 |
       Dungeon |   2368 |   2283 |     85 |    315 |   1445 |   3 |  789.3 |
               +--------+--------+--------+--------+--------+-----+--------+

Top non-repeatable levels by time:
     D:1: 1550 daAuts
     D:2: 803 daAuts
     D:3: 13 daAuts
